 Dungeon Crawl Stone Soup version 0.15-a0-2374-gaadabb3 (webtiles) character file.

390 MRaven the Ruinous (level 6, -2/41 HPs)
             Began as a Demonspawn Wizard on Aug 1, 2014.
             Was a Follower of Vehumet.
             Slain by a worker ant (5 damage)
             ... on Level 4 of the Dungeon.
             The game lasted 00:32:39 (5119 turns).

MRaven the Ruinous (Demonspawn Wizard)              Turns: 5119, Time: 00:32:39

HP  -2/41        AC  5     Str  7      XL: 6   Next: 50%
MP   4/13        EV 12     Int 22      God: Vehumet [*.....]
Gold 217         SH  0     Dex 11      Spells:  4 memorised,  3 levels left

rFire  + . .     SeeInvis .     u - +0 short sword
rCold  + . .     Clarity  .     a - +0 robe
rNeg   . . .     rCorr    .     (no shield)
rPois  +         rRot     .     b - +0 hat
rElec  +         Spirit   .     o - +0 cloak
SustAb .         Warding  .     (no gloves)
rMut   .         Stasis   .     (no boots)
Gourm  .                        (no amulet)
MR     .....                    (no ring)
                                (no ring)

@: lethally poisoned, resistant, not resistant to hostile enchantments,
unstealthy
A: claws 1, yellow scales 1, powered by pain 2
a: Renounce Religion


You were on level 4 of the Dungeon.
You worshipped Vehumet.
Vehumet was aware of your devotion.
You were not hungry.

You visited 1 branch of the dungeon, and saw 4 of its levels.

You collected 217 gold pieces.

Inventory:

Hand weapons
 u - a +0 short sword (weapon)
Armour
 a - a +0 robe (worn)
 b - a +0 hat (worn)
 o - a +0 cloak (worn)
Comestibles
 d - 3 bread rations
 f - a chunk of giant gecko flesh
 m - 2 meat rations
 q - 2 fruits
 r - 2 rotting chunks of quokka flesh
 v - a beef jerky
 w - a rotting chunk of hobgoblin flesh
 x - a rotting chunk of rat flesh
Scrolls
 e - a scroll of immolation
 g - a scroll of fear
 i - 2 scrolls of identify
 n - a scroll of fog
 y - a scroll of magic mapping {unknown}
Potions
 j - a potion of restore abilities
 l - a potion of flight
 s - 2 potions of curing
Books
 c - a book of Minor Magic

   Spells                             Type                      Level
   *Magic Dart                        Conjuration                  1
   Blink                              Translocation                2
   Call Imp                           Summoning                    2
   *Repel Missiles                    Charms/Air                   2
   Slow                               Hexes                        2
   *Conjure Flame                     Conjuration/Fire             3
   *Mephitic Cloud                    Conjuration/Poison/Air       3


   Skills:
 - Level 1.7 Dodging
 - Level 1.7 Stealth
 + Level 3.5 Spellcasting
 + Level 6.2 Conjurations
   Level 1.0 Summonings
   Level 0.8 Translocations
 * Level 1.0 Poison Magic


You had 3 spell levels left.
You knew the following spells:

 Your Spells              Type           Power        Failure   Level  Hunger
a - Magic Dart            Conj           ####         1%          1    None
b - Conjure Flame         Conj/Fire      ###.....     12%         3    ###....
c - Mephitic Cloud        Conj/Pois/Air  ##......     14%         3    ###....
d - Repel Missiles        Chrm/Air       #.....       21%         2    #......


Dungeon Overview and Level Annotations

Branches:
Dungeon (4/15)
 Temple: D:4-7

Altars:
Elyvilon
Sif Muna
Vehumet
The Shining One

Annotations:
D:4 Grinder


Innate Abilities, Weirdness & Mutations

You have sharp fingernails.
You are partially covered in yellow scales (AC +2).
You sometimes gain power by taking damage.


Message History

The orc shouts!
Found a pink potion.
The worker ant bites you.
* * * LOW HITPOINT WARNING * * *
You are lethally poisoned!
The worker ant poisons you!
Found a stone staircase leading down.
A hobgoblin comes into view. It is wielding a club.
* * * LOW HITPOINT WARNING * * *
You feel sick.
The hobgoblin moves out of view.
* * * LOW HITPOINT WARNING * * *
You feel sick.
Grinder says, "Just stop there for a second..."
* * * LOW HITPOINT WARNING * * *
You feel sick.
Grinder gestures.
Grinder blinks!
The hobgoblin shouts!
The worker ant bites you.
You die...

#..... ##... .....o.#
##.... ....<....## #.....
.g....#.#..### #.....
.........##o..# #.....
........>o.##.## ##...)
........##.##o.# ##..[.
....>...###..§#.####.w...
........@a....w...##.....
###.########...##........
#......#....).
...............
...........?....
...?..PP♣PP....
..P♣♣.P.♣♣.... .P ♣...
♣P...


s.PP ..... You could see a worm, a worker ant, an orc and a hobgoblin.

Vanquished Creatures
  The ghost of lennard the Sneak, an average OpAs (D:3)
  An orc priest (D:3)
  9 adders
  3 giant geckos
  13 orcs
  7 bats
  10 goblins
  14 hobgoblins
  2 jackals (D:1)
  A quokka (D:3)
  A ball python (D:2)
  2 giant cockroaches (D:1)
  2 giant newts
  14 kobolds
  13 rats
93 creatures vanquished.

Notes
Turn   | Place    | Note
--------------------------------------------------------------
     0 | D:1      | MRaven, the Demonspawn Wizard, began the quest for the Orb.
     0 | D:1      | Reached XP level 1. HP: 13/13 MP: 4/4
   697 | D:1      | Gained mutation: You sometimes gain a little power by taking damage. [demonic ancestry]
   697 | D:1      | Reached XP level 2. HP: 19/19 MP: 4/6
  1537 | D:1      | Gained mutation: You are partially covered in yellow scales (AC +2). [demonic ancestry]
  1537 | D:1      | Reached XP level 3. HP: 24/24 MP: 5/8
  2678 | D:2      | Reached XP level 4. HP: 30/30 MP: 8/10
  2683 | D:2      | Learned a level 3 spell: Conjure Flame
  2687 | D:2      | Learned a level 3 spell: Mephitic Cloud
  2690 | D:2      | Learned a level 2 spell: Repel Missiles
  3169 | D:2      | Found a white marble altar of Elyvilon.
  3170 | D:2      | Found a glowing golden altar of the Shining One.
  3194 | D:2      | Found a radiant altar of Vehumet.
  3196 | D:2      | Found a deep blue altar of Sif Muna.
  3201 | D:2      | Became a worshipper of Vehumet
  3746 | D:3      | Reached skill level 4 in Conjurations
  4154 | D:3      | Gained mutation: You sometimes gain power by taking damage. [demonic ancestry]
  4154 | D:3      | Reached XP level 5. HP: 23/35 MP: 2/11
  4349 | D:3      | Noticed lennard's ghost (average OpAs)
  4418 | D:3      | Killed lennard's ghost
  4418 | D:3      | Acquired Vehumet's first power
  4418 | D:3      | Offered knowledge of Freeze by Vehumet.
  4418 | D:3      | Reached skill level 6 in Conjurations
  4418 | D:3      | Gained mutation: You have sharp fingernails. [demonic ancestry]
  4418 | D:3      | Reached XP level 6. HP: 18/41 MP: 10/13
  4906 | D:3      | Reached skill level 1 in Poison Magic
  5106 | D:4      | Noticed Grinder
  5119 | D:4      | Slain by a worker ant

Action                   |  1- 3 |  4- 6 || total
-------------------------+-------+-------++-------
Melee: Unarmed           |    21 |       ||    21
       Dagger            |     4 |       ||     4
       Short sword       |       |     8 ||     8
 Cast: Magic Dart        |    93 |   146 ||   239
  Use: Scroll            |     4 |     2 ||     6
       Potion            |     3 |     7 ||    10
  Eat: Chunk             |     5 |     8 ||    13
